 Dungeon Crawl Stone Soup version 0.31.0-12-g77e489cdc1 (webtiles) character file.

Game seed: 9217727889390053712

196 Silvore the Covered (level 5, -1/47 HPs)
             Began as a Minotaur Fighter on Feb 19, 2024.
             Slain by a large abomination (19 damage)
             ... created by the touch of Lugonu
             ... on level 3 of the Dungeon.
             The game lasted 00:03:47 (2111 turns).

Silvore the Covered (Minotaur Fighter)              Turns: 2111, Time: 00:03:47

Health: -1/47      AC:  7    Str: 22    XL:     5   Next: 45%
Magic:  4/4        EV:  9    Int:  5    God:
Gold:   86         SH:  4    Dex: 10    Spells: 4/4 levels left

rFire   . . .        a - +0 war axe
rCold   . . .        c - +0 buckler
rNeg    . . .        b - +0 scale mail
rPois   .            (helmet restricted)
rElec   .            (no cloak)
rCorr   .            (no gloves)
SInv    .            (no boots)
Will    .....        (no amulet) Stlth
                     (no ring)
HPRegen 0.27/turn    (no ring)
MPRegen 0.09/turn

%: no passive effects
@: no status effects
A: horns 2, retaliatory headbutt
a: no special abilities


You were on level 3 of the Dungeon.
You visited 1 branch of the dungeon, and saw 3 of its levels.

You collected 86 gold pieces.

Inventory:

Hand Weapons
 a - a +0 war axe (weapon)
Armour
 b - a +0 scale mail (worn)
 c - a +0 buckler (worn)
Scrolls
 i - a scroll of vulnerability {unknown}
 j - a scroll of blinking
 k - a scroll of poison {unknown}
Potions
 d - 2 potions of might
 e - a potion of magic {unknown}
 f - 5 potions of curing {unknown}
 g - a potion of lignification {unknown}
 h - a potion of cancellation {unknown}


   Skills:
 + Level 4.4 Fighting
 + Level 4.2 Axes
 + Level 5.0 Armour
 + Level 1.0 Dodging
 + Level 0.3 Stealth
 + Level 4.4 Shields


You had 4 spell levels left.
You didn't know any spells.
Your spell library contained the following spells:

 Spells                   Type           Power      Damage    Failure   Level
 Magic Dart               Conj           0%         1d3       85%         1
 Sandblast                Erth           0%         2d4       85%         1
 Blink                    Tloc           0%         N/A       94%         2
 Call Imp                 Summ           0%         N/A       94%         2
 Call Canine Familiar     Summ           0%         N/A       99%         3
 Inner Flame              Hex/Fire       0%         N/A       99%         3
 Sigil of Binding         Hex            0%         N/A       99%         3
 Dimensional Bullseye     Hex/Tloc       0%         N/A       100%        4
 Flame Wave               Conj/Fire      0%         2d4       100%        4
 Sticky Flame             Fire/Alch      0%         2d4       100%        4


Dungeon Overview and Level Annotations

Branches:
Dungeon (3/15)

Altars:
Lugonu


Innate Abilities, Weirdness & Mutations

You have a pair of horns on your head.
You reflexively headbutt those who attack you in melee.


Message History

An orc comes into view. It is wielding a +0 mace.
You slash the orc!
You kill the orc!
Things that are here:
a +0 whip; an orc corpse You barely miss the orc.
The orc hits you but does no damage.
You barely miss the orc. The orc hits you with a +0 hand axe.
The orc barely misses you.
You barely miss the orc. You headbutt the orc.
You kill the orc!
You hit the orc.
The orc is moderately wounded.
The orc closely misses you.
You slash the orc!
You kill the orc!
The orc hits you but does no damage.
You barely miss the orc. You headbutt the orc.
You kill the orc!
Items here: ))) [ ††.
Lugonu sends minions to punish you.
A large abomination comes into view.
You hit the large abomination but do no damage.
The large abomination barely misses you.
You furiously retaliate!
You headbutt the large abomination, but do no damage.
A large abomination is nearby!
A large abomination is nearby!
You hit the large abomination but do no damage.
The large abomination hits you!!
Ouch! That really hurt!
You barely miss the large abomination. You headbutt the large abomination.
The large abomination is lightly damaged.
The large abomination closely misses you. x2
You hit the large abomination.
The large abomination is lightly damaged.
The large abomination hits you but does no damage.
You hit the large abomination. You headbutt the large abomination!
The large abomination is moderately damaged.
The large abomination hits you!!
You die...

##
#######################.
......X@..).)...........
#######################.
#. #######. ........
........ #######.
........ ##......


You could see a large abomination.

Vanquished Creatures
  Jessica (D:2)
  Terence (D:2)
  Robin (D:2)
  3 gnolls (D:3)
  4 adders
  A dart slug (D:1)
  A ribbon worm (D:3)
  7 orcs (D:3)
  2 ball pythons
  4 endoplasms
  A giant cockroach (D:2)
  13 goblins
  10 hobgoblins
  3 kobolds (D:1)
  2 bats (D:1)
  A frilled lizard (D:1)
  A rat (D:3)
56 creatures vanquished.

Notes
Turn   | Place    | Note
-------+----------+-------------------------------------------
     0 | D:1      | Silvore the Minotaur Fighter began the quest for the Orb.
     0 | D:1      | Reached XP level 1. HP: 19/19 MP: 0/0
   154 | D:1      | Reached XP level 2. HP: 23/27 MP: 1/1
   666 | D:2      | Reached skill level 4 in Armour
   705 | D:2      | Noticed Jessica
   708 | D:2      | Killed Jessica
   709 | D:2      | Reached XP level 3. HP: 33/33 MP: 2/2
  1163 | D:2      | Noticed Robin
  1177 | D:2      | Killed Robin
  1178 | D:2      | Reached XP level 4. HP: 33/40 MP: 3/3
  1274 | D:2      | Noticed Terence
  1279 | D:2      | Killed Terence
  1772 | D:3      | Reached XP level 5. HP: 41/47 MP: 4/4
  1849 | D:3      | Reached skill level 1 in Dodging
  1971 | D:3      | Reached skill level 5 in Armour
  1971 | D:3      | Found a faded altar of an unknown god.
  1980 | D:3      | Got Plato's Spellbook of Excavation
  2034 | D:3      | Prayed at the altar of an unknown god.
  2034 | D:3      | Became a worshipper of Lugonu the Unformed
  2034 | D:3      | Reached * piety under Lugonu
  2091 | D:3      | Fell from the grace of Lugonu
  2106 | D:3      | Noticed a large abomination
  2111 | D:3      | Slain by a large abomination

Illustrated notes

Levels and vault maps discovered:
D:1:      ncdulo_halloftheorcs, layout_basic
D:2:      layout_basic, serial_rivers, chequers_serial_rivers_small_b,
          chequers_serial_rivers_micro_a, chequers_serial_rivers_room_a,
          chequers_serial_rivers_small_3, uniq_jessica, uniq_robin, uniq_terence
D:3:      layout_basic, nicolae_overflow_hallway_of_the_gods,
          shapermc_ecumenical_altar_rom_forum, minmay_misc_feat_alley,
          minmay_misc_feat_ornament, minmay_distorted

Skill      XL: |  1  2  3  4  5 |
---------------+----------------+-----
Shields        | 4 |  4.4
Fighting       | 4 |  4.4
Armour         | 4 5 |  5.0
Axes           | 3 4 |  4.2
Dodging        | 1 |  1.0
Stealth        | |  0.3

Action                     |  1- 3 |  4- 6 || total
---------------------------+-------+-------++-------
  Melee: War axe           |    49 |    54 ||   103
         Headbutt          |     5 |    15 ||    20
 Invoke: Renounce Religion |       |     1 ||     1
    Use: Scroll            |     3 |     2 ||     5
         Potion            |     1 |       ||     1
 Armour: Scale mail        |    48 |    37 ||    85
  Dodge: Dodged            |    28 |    18 ||    46
  Block: Buckler           |     9 |     8 ||    17
